 Dungeon Crawl Stone Soup version 0.25-a0-294-gea9b1ad378 (webtiles) character file.

Game seed: 3893468448670552558, levelgen mode: deterministic

10439 MoonlitKnight the Thaumaturge (level 11, -5/86 HPs)
             Began as a Gnoll Skald on Dec 17, 2019.
             Was a High Priest of Okawaru.
             Slain by a black mamba (8 damage)
             ... on level 2 of the Lair of Beasts.
             The game lasted 00:36:41 (14645 turns).

MoonlitKnight the Thaumaturge (Gnoll Skald)        Turns: 14645, Time: 00:36:42

Health: -5/86      AC:  8    Str: 18    XL:     11   Next: 62%
Magic:  18/23      EV: 19    Int: 14    God:    Okawaru [*****.]
Gold:   512        SH: 13    Dex: 23    Spells: 16/26 levels left

rFire    . . .     SeeInvis .   a - +2 dagger (venom)
rCold    . . .     Gourm    .   r - +2 shield
rNeg     . . .     Faith    .   y - +3 leather armour "Yntageit" {Int-3 Dex+7}
rPois    .         Spirit   .   (no helmet)
rElec    .         Reflect  .   (no cloak)
rCorr    .         Harm     .   (no gloves)
MR       .....                  n - +0 pair of boots
Stlth    ++++......             w - amulet of regeneration
HPRegen  0.64/turn              M - +4 ring of strength
MPRegen  0.18/turn              L - +2 ring of evasion

@: lethally poisoned (-5 -> -29), very slightly contaminated
A: distributed training, fangs 1, strong nose
a: Heroism, Finesse, Renounce Religion


You were on level 2 of the Lair of Beasts.
You worshipped Okawaru.
Okawaru was extremely pleased with you.
You were not hungry.

You visited 3 branches of the dungeon, and saw 11 of its levels.
You also visited: Ossuary.

You collected 512 gold pieces.

Inventory:

Hand Weapons
 a - a +2 dagger of venom (weapon)
 b - a +3 fustibalus
Missiles
 v - 21 poisoned darts (quivered)
 E - 57 sling bullets
Armour
 n - a +0 pair of boots (worn)
 r - a +2 shield (worn)
 y - the +3 leather armour "Yntageit" (worn) {Int-3 Dex+7}
   (You found it on level 5 of the Dungeon)

   It affects your intelligence (-3).
   It affects your dexterity (+7).
Jewellery
 f - an uncursed amulet of the acrobat
 s - an uncursed ring of resist corrosion
 t - an uncursed ring of flight
 w - an amulet of regeneration (around neck)
 L - a +2 ring of evasion (right hand)
 M - a +4 ring of strength (left hand)
Wands
 o - a wand of random effects (18)
 q - a wand of polymorph (7)
 F - a wand of digging (10)
Scrolls
 h - 4 scrolls of teleportation
 k - 5 scrolls of amnesia
 l - a scroll of blinking {unknown}
 u - 3 scrolls of remove curse
 x - 4 scrolls of magic mapping
 G - a scroll of enchant weapon {unknown}
 I - 5 scrolls of identify
 J - 2 scrolls of enchant armour {unknown}
 K - a scroll of fog {unknown}
 N - a scroll of random uselessness {unknown}
Potions
 c - a potion of berserk rage {unknown}
 e - 7 potions of curing
 g - 3 potions of flight
 i - 2 potions of mutation
 j - 3 potions of brilliance {unknown}
 m - a potion of cancellation {unknown}
 p - a potion of magic {unknown}
 z - 3 potions of might
 A - a potion of heal wounds {unknown}
 B - a potion of degeneration {unknown}
 C - a potion of agility {unknown}
 D - a potion of invisibility {unknown}
Comestibles
 d - 25 rations
 H - 2 chunks of flesh


   Skills:
 + Level 7.9 Fighting
 + Level 6.3 Short Blades
 + Level 6.3 Long Blades
 + Level 6.3 Axes
 + Level 6.3 Maces & Flails
 + Level 7.9 Polearms
 + Level 6.3 Staves
 + Level 6.3 Slings
 + Level 6.3 Bows
 + Level 6.3 Crossbows
 + Level 6.3 Throwing
 + Level 6.9 Armour
 + Level 7.9 Dodging
 + Level 6.3 Stealth
 + Level 6.3 Shields
 + Level 6.3 Unarmed Combat
 + Level 8.2 Spellcasting
 + Level 5.2 Conjurations
 + Level 5.2 Hexes
 + Level 7.7 Charms
 + Level 5.2 Summonings
 + Level 5.2 Necromancy
 + Level 5.2 Translocations
 + Level 5.2 Transmutations
 + Level 5.2 Fire Magic
 + Level 5.2 Ice Magic
 + Level 5.2 Air Magic
 + Level 5.2 Earth Magic
 + Level 5.2 Poison Magic
 + Level 7.0 Invocations
 + Level 6.3 Evocations


You had 16 spell levels left.
You knew the following spells:

 Your Spells              Type           Power        Failure   Level  Hunger
b - Shroud of Golubria    Chrm/Tloc      ###...       4%          2    None
c - Spectral Weapon       Hex/Chrm       ###.....     10%         3    ##.....
d - Regeneration          Chrm/Necr      ###.......   10%         3    ##.....
e - Song of Slaying       Chrm           ####....     2%          2    None

Your spell library contained the following spells:

 Spells                   Type           Power        Failure   Level  Hunger
 Infusion                 Chrm           ####         1%          1    None
 Animate Skeleton         Necr           N/A          5%          1    None
 Apportation              Tloc           ###...       5%          1    None
 Confusing Touch          Hex            ###...       5%          1    None
 Freeze                   Ice            ###.         5%          1    None
 Summon Small Mammal      Summ           ###.         5%          1    None
 Ozocubu's Armour         Chrm/Ice       ###.....     10%         3    ##.....
 Hailstorm                Conj/Ice       ###.....     45%         4    ####...
 Summon Ice Beast         Ice/Summ       ###.....     45%         4    ####...


Dungeon Overview and Level Annotations

Branches:
Dungeon (8/15)             Temple (1/1) D:6            Lair (2/6) D:8
 Spider (0/4) Lair:2      Ossuary (visited)
  Swamp: Lair:2-4    Shoals: Lair:2-4

Altars:
Ashenzari
Cheibriados
Elyvilon
Fedhas
Hepliaklqana
Kikubaaqudgha
Makhleb
Okawaru
Ru
Sif Muna
Trog
Uskayaw
Vehumet
Wu Jian
Yredelemnul
The Shining One

Shops:
D:7 !}:[*


Innate Abilities, Weirdness & Mutations

Your experience applies equally to all skills.
You have very sharp teeth.
Your uncanny sense of smell can sniff out nearby items.


Message History

You are more poisoned.
The black mamba poisons you!
You feel very sick. You block the black mamba's attack.
You feel very sick.
You feel very sick. You block the black mamba's attack.
You feel sick. The black mamba bites you!!
* * * LOW HITPOINT WARNING * * *
You are more poisoned.
The black mamba poisons you!
You hit the black mamba but do no damage.
The black mamba is almost dead.
* * * LOW HITPOINT WARNING * * *
You feel very sick. The black mamba misses you.
* * * LOW HITPOINT WARNING * * *
You feel very sick. The black mamba bites you!
You die...

##.#####.###P................##
..........##..P#.#P##PP.#.....#
...(..[...##..##########.÷....#
...P.....####.# #P.....#
P..PS##..####.## ##..†.##
...PP.#...##...# #....÷##
......#...##...##########.....#
P..P.##..##.#..##.P..P.#.....##
.PP.###........S@...<........#


P.SP ##..#####.##.P#####.#### ..PP #### ####### ### ..P. You could see a black
mamba.

Vanquished Creatures
  Pikel (D:6)
  A centaur zombie (D:8)
  3 spiny frogs (Lair:2)
  A komodo dragon (Lair:2)
  A jumping spider (Lair:2)
  A hornet (Lair:2)
  10 blink frogs
  3 hippogriffs
  2 wyverns
  A spriggan (D:7)
  A wraith (D:7)
  3 basilisks (Lair:1)
  A hungry ghost (D:8)
  Duvessa (D:5)
  4 water moccasins
  2 orc warriors
  An ice beast (D:7)
  A black bear (D:6)
  2 necrophages
  A phantom (D:7)
  A sky beast (D:6)
  A slave (D:6)
  4 ogres
  2 centaurs
  3 crocodiles
  9 bullfrogs
  Dowan (D:6)
  A scorpion (D:5)
  3 wights (D:8)
  3 crimson imps
  6 orc priests
  3 human zombies (D:8)
  A bullfrog zombie (D:5)
  A quasit (D:7)
  2 centaur skeletons
  4 hounds
  3 jellies
  A bullfrog skeleton (D:6)
  9 orc wizards
  A human skeleton (D:8)
  2 iguanas
  Terence (D:2)
  Natasha (thrice) (D:2)
  8 worker ants
  5 big kobold zombies (Ossuary)
  2 mummies
  A hound skeleton (D:7)
  2 worker ant zombies (D:5)
  2 howler monkey skeletons (D:4)
  17 adders
  A shadow imp (D:6)
  An ooze (D:1)
  An adder skeleton (D:4)
  An adder zombie (D:5)
  4 worms
  4 dart slugs
  12 leopard geckos
  31 orcs
  5 spectral bats (Ossuary)
  2 ball pythons (D:2)
  5 giant cockroaches
  7 gnoll zombies (Ossuary)
  12 goblins
  12 hobgoblins
  3 jackals (D:8)
  9 kobolds
  A quokka (D:6)
  7 bats
  4 bat simulacra (Ossuary)
  8 frilled lizards
  2 goblin simulacra (Ossuary)
  8 goblin zombies (Ossuary)
  6 hobgoblin zombies (Ossuary)
  A jackal zombie (D:5)
  A kobold simulacrum (Ossuary)
  4 kobold zombies (Ossuary)
  An orc skeleton (D:8)
  2 orc zombies (D:8)
  11 rats
  3 rat simulacra (Ossuary)
  3 spectral goblins (Ossuary)
  7 spectral kobolds (Ossuary)
  2 spectral rats (Ossuary)
324 creatures vanquished.

Vanquished Creatures (collateral kills)
  A bullfrog (D:7)
1 creature vanquished.

Vanquished Creatures (others)
  A human (D:4)
  15 fungi
  30 plants (Lair:2)
  3 spectral weapons
49 creatures vanquished.

Grand Total: 374 creatures vanquished

Notes
Turn   | Place    | Note
-------+----------+-------------------------------------------
     0 | D:1      | MoonlitKnight the Gnoll Skald began the quest for the Orb.
     0 | D:1      | Reached XP level 1. HP: 20/20 MP: 6/6
   200 | D:1      | Reached XP level 2. HP: 8/26 MP: 3/7
   250 | D:1      | HP: 1/26 [dart slug/slug dart (1)]
   932 | D:1      | Learned a level 2 spell: Shroud of Golubria
   998 | D:1      | Reached XP level 3. HP: 30/31 MP: 9/9
  1001 | D:1      | Reached skill level 5 in Spellcasting
  1211 | D:1      | Reached skill level 1 in Invocations
  1409 | D:2      | Reached skill level 1 in Short Blades
  1409 | D:2      | Reached skill level 1 in Long Blades
  1409 | D:2      | Reached skill level 1 in Axes
  1409 | D:2      | Reached skill level 1 in Maces & Flails
  1409 | D:2      | Reached skill level 1 in Staves
  1409 | D:2      | Reached skill level 1 in Slings
  1409 | D:2      | Reached skill level 1 in Bows
  1409 | D:2      | Reached skill level 1 in Crossbows
  1409 | D:2      | Reached skill level 1 in Throwing
  1409 | D:2      | Reached skill level 1 in Stealth
  1409 | D:2      | Reached skill level 1 in Shields
  1409 | D:2      | Reached skill level 1 in Unarmed Combat
  1409 | D:2      | Reached skill level 1 in Evocations
  1509 | D:2      | Reached XP level 4. HP: 34/38 MP: 11/11
  1517 | D:2      | Learned a level 3 spell: Spectral Weapon
  1525 | D:2      | Learned a level 3 spell: Regeneration
  1528 | D:2      | Learned a level 2 spell: Song of Slaying
  1577 | D:2      | Noticed Terence
  1586 | D:2      | Killed Terence
  1662 | D:2      | Reached skill level 1 in Conjurations
  1662 | D:2      | Reached skill level 1 in Hexes
  1662 | D:2      | Reached skill level 1 in Summonings
  1662 | D:2      | Reached skill level 1 in Necromancy
  1662 | D:2      | Reached skill level 1 in Translocations
  1662 | D:2      | Reached skill level 1 in Transmutations
  1662 | D:2      | Reached skill level 1 in Fire Magic
  1662 | D:2      | Reached skill level 1 in Ice Magic
  1662 | D:2      | Reached skill level 1 in Air Magic
  1662 | D:2      | Reached skill level 1 in Earth Magic
  1662 | D:2      | Reached skill level 1 in Poison Magic
  1779 | D:2      | Reached XP level 5. HP: 31/43 MP: 12/12
  2013 | D:2      | Noticed Natasha
  2022 | D:2      | Killed Natasha
  2171 | D:2      | Noticed Natasha
  2182 | D:2      | Killed Natasha
  2280 | D:2      | Found a snail-covered altar of Cheibriados.
  2296 | D:2      | Noticed Natasha
  2321 | D:2      | Killed Natasha
  2650 | D:3      | Found a bloodstained altar of Trog.
  2904 | D:3      | Reached XP level 6. HP: 49/50 MP: 13/13
  3695 | D:4      | Found a blossoming altar of Fedhas.
  3818 | D:4      | Reached skill level 5 in Fighting
  3818 | D:4      | Reached skill level 5 in Polearms
  3818 | D:4      | Reached skill level 5 in Dodging
  3999 | D:4      | Found an ancient bone altar of Kikubaaqudgha.
  4519 | D:4      | Noticed a human
  4521 | D:4      | Killed a human
  4672 | D:5      | Entered Level 5 of the Dungeon
  4710 | D:5      | Found a sand-covered staircase.
  4757 | D:5      | Reached XP level 7. HP: 45/56 MP: 15/15
  4793 | Ossuary  | Entered an ossuary
  5825 | D:5      | Got a faintly glowing leather armour
  5835 | D:5      | Identified the +3 leather armour "Yntageit" {Int-3 Dex+7}
                  | (You found it on level 5 of the Dungeon)
  5979 | D:5      | Reached XP level 8. HP: 63/63 MP: 7/16
  6535 | D:6      | Noticed Dowan
  6544 | D:6      | Reached skill level 6 in Spellcasting
  6549 | D:6      | Noticed Duvessa
  6558 | D:6      | Killed Dowan
  6592 | D:5      | Killed Duvessa
  7171 | D:6      | Found a staircase to the Ecumenical Temple.
  7197 | D:6      | Reached XP level 9. HP: 53/69 MP: 18/18
  7205 | Temple   | Entered the Ecumenical Temple
  7264 | Temple   | Became a worshipper of Warmaster Okawaru
  7285 | D:6      | Found a snail-covered altar of Cheibriados.
  7564 | D:6      | Noticed Pikel
  7990 | D:6      | Killed Pikel
  7990 | D:6      | Reached * piety under Okawaru
  7990 | D:6      | Reached skill level 5 in Armour
  8247 | D:7      | Found Veis's Distillery.
  8283 | D:7      | Found Icoujir's Gadget Emporium.
  8395 | D:7      | Reached ** piety under Okawaru
  8395 | D:7      | Reached skill level 5 in Invocations
  8497 | D:7      | Found Agot's Book Emporium.
  8681 | D:7      | Found Buerytun's Armour Boutique.
  8694 | D:7      | Found Ostruc's Assorted Antiques.
  9148 | D:8      | Found a burning altar of Makhleb.
  9196 | D:8      | Reached XP level 10. HP: 61/77 MP: 20/20
  9203 | D:8      | Reached skill level 7 in Spellcasting
  9795 | D:8      | Found a staircase to the Lair.
  9834 | D:8      | Reached skill level 5 in Short Blades
  9834 | D:8      | Reached skill level 5 in Long Blades
  9834 | D:8      | Reached skill level 5 in Axes
  9834 | D:8      | Reached skill level 5 in Maces & Flails
  9834 | D:8      | Reached skill level 5 in Staves
  9834 | D:8      | Reached skill level 5 in Slings
  9834 | D:8      | Reached skill level 5 in Bows
  9834 | D:8      | Reached skill level 5 in Crossbows
  9834 | D:8      | Reached skill level 5 in Throwing
  9834 | D:8      | Reached skill level 5 in Stealth
  9834 | D:8      | Reached skill level 5 in Shields
  9834 | D:8      | Reached skill level 5 in Unarmed Combat
  9834 | D:8      | Reached skill level 5 in Evocations
 10007 | D:8      | Found a shattered altar of Ashenzari.
 10055 | D:8      | Reached *** piety under Okawaru
 10521 | D:8      | Found a basalt altar of Yredelemnul.
 10976 | Lair:1   | Entered Level 1 of the Lair of Beasts
 11305 | Lair:1   | HP: 3/79 [blink frog (5)]
 11947 | Lair:1   | Reached **** piety under Okawaru
 12139 | Lair:1   | Reached XP level 11. HP: 54/84 MP: 18/22
 13344 | Lair:2   | Reached skill level 5 in Conjurations
 13344 | Lair:2   | Reached skill level 5 in Hexes
 13344 | Lair:2   | Reached skill level 5 in Summonings
 13344 | Lair:2   | Reached skill level 5 in Necromancy
 13344 | Lair:2   | Reached skill level 5 in Translocations
 13344 | Lair:2   | Reached skill level 5 in Transmutations
 13344 | Lair:2   | Reached skill level 5 in Fire Magic
 13344 | Lair:2   | Reached skill level 5 in Ice Magic
 13344 | Lair:2   | Reached skill level 5 in Air Magic
 13344 | Lair:2   | Reached skill level 5 in Earth Magic
 13344 | Lair:2   | Reached skill level 5 in Poison Magic
 13461 | Lair:2   | Found a hole to the Spider Nest.
 13472 | Lair:2   | Reached skill level 8 in Spellcasting
 13594 | Lair:2   | Reached ***** piety under Okawaru
 14645 | Lair:2   | HP: 3/86 [poisoned by a black mamba]
 14645 | Lair:2   | Slain by a black mamba

Levels and vault maps discovered:
D:1:      erik_arrival_blinker_ship, layout_basic
D:2:      layout_rooms, first_ration, kennysheep_slug_shrine, uniq_natasha,
          uniq_terence
D:3:      layout_loops_cross, bloody_trog
D:4:      layout_basic, kennysheep_mini_moat, minmay_strange_pillars,
          tgw_kikubaaqudgha
D:5:      layout_loops_ring, enter_ossuary_3
D:6:      layout_loops_ring, minmay_temple_entry_gardened_gates, basic_altar,
          uniq_duvessa, uniq_pikel
D:7:      layout_gridville, serial_shops, shop, kennysheep_mini, shop, shop,
          shop, the_bakery, kennysheep_another_room, corexii_checkpoint_a
D:8:      layout_cave_pools, marbit_many_paths, overflow_temple_1_default,
          lair_entry_dummy, lemuel_mausoleum_altar_yredelemnul
Temple:   nicolae_temple_elliptical
Lair:1:   layout_gridlike, portal_ice_cave_entry_pillars_1
Lair:2:   minmay_lair_venomous_thicket, layout_chaotic_city,
          spider_nest_entry_a, lemuel_fruit_tree, grunt_megastairs_4

Skill      XL: |  1  2  3  4  5  6  7  8  9 10 11 |
---------------+----------------------------------+-----
Spellcasting   | 5 6 7 8 |  8.2
Invocations    | 1 2 3 4 5 6 7 |  7.0
Short Blades   | 1 2 3 4 5 6 |  6.3
Long Blades    | 1 2 3 4 5 6 |  6.3
Axes           | 1 2 3 4 5 6 |  6.3
Maces & Flails | 1 2 3 4 5 6 |  6.3
Staves         | 1 2 3 4 5 6 |  6.3
Slings         | 1 2 3 4 5 6 |  6.3
Bows           | 1 2 3 4 5 6 |  6.3
Crossbows      | 1 2 3 4 5 6 |  6.3
Throwing       | 1 2 3 4 5 6 |  6.3
Stealth        | 1 2 3 4 5 6 |  6.3
Shields        | 1 2 3 4 5 6 |  6.3
Unarmed Combat | 1 2 3 4 5 6 |  6.3
Evocations     | 1 2 3 4 5 6 |  6.3
Conjurations   | 1 2 3 4 5 |  5.2
Hexes          | 1 2 3 4 5 |  5.2
Summonings     | 1 2 3 4 5 |  5.2
Necromancy     | 1 2 3 4 5 |  5.2
Translocations | 1 2 3 4 5 |  5.2
Transmutations | 1 2 3 4 5 |  5.2
Fire Magic     | 1 2 3 4 5 |  5.2
Ice Magic      | 1 2 3 4 5 |  5.2
Air Magic      | 1 2 3 4 5 |  5.2
Earth Magic    | 1 2 3 4 5 |  5.2
Poison Magic   | 1 2 3 4 5 |  5.2
Armour         | 3 4 5 6 |  6.9
Fighting       | 5 6 7 |  7.9
Polearms       | 5 6 7 |  7.9
Dodging        | 5 6 7 |  7.9
Charms         | 6 7 |  7.7

Action                   |  1- 3 |  4- 6 |  7- 9 | 10-12 || total
-------------------------+-------+-------+-------+-------++-------
Melee: Spear             |    45 |       |       |       ||    45
       Hand axe          |    67 |     9 |       |       ||    76
       Bite              |     8 |    24 |   117 |   121 ||   270
       Dagger            |       |   249 |   665 |   586 ||  1500
 Fire: Fustibalus        |       |       |       |    91 ||    91
Throw: Dart              |       |       |     6 |    19 ||    25
 Cast: Infusion          |     2 |       |     2 |       ||     4
       Regeneration      |       |     1 |     6 |    13 ||    20
       Shroud of Golubri |       |     1 |     4 |     1 ||     6
       Spectral Weapon   |       |     2 |     4 |    16 ||    22
       Song of Slaying   |       |       |     4 |     1 ||     5
  Use: Scroll            |     1 |     5 |     6 |     3 ||    15
       Potion            |       |       |     1 |     1 ||     2
 Stab: Sleeping          |     1 |     4 |    17 |     4 ||    26
       Distracted        |     1 |       |     4 |     1 ||     6
  Eat: Chunk             |     1 |    11 |    11 |    15 ||    38
       Ration            |       |       |     2 |     2 ||     4
Armor: Leather armour    |    23 |    42 |   102 |    84 ||   251
Dodge: Dodged            |   109 |   144 |   278 |   267 ||   798
Block: Shield            |       |    46 |   321 |   294 ||   661

Table legend:
 A = Non-vault XP
 B = Vault XP
 C = Vault XP percentage of total XP
 D = Non-vault monster count
 E = Vault monster count
 F = Vault count percentage of total count
                 A         B        C        D         E       F
            +---------+---------+-------+---------+---------+-------
      Total |   11004 |    3909 |  26.2 |     229 |      95 |  29.3
            +---------+---------+-------+---------+---------+-------
        D:1 |      60 |       0 |   0.0 |      28 |       0 |   0.0
        D:2 |     161 |      75 |  31.8 |      36 |       3 |   7.7
        D:3 |      57 |       0 |   0.0 |      20 |       0 |   0.0
        D:4 |     239 |       0 |   0.0 |      14 |       0 |   0.0
        D:5 |     912 |     150 |  14.1 |      25 |       2 |   7.4
        D:6 |    1057 |     740 |  41.2 |      27 |       2 |   6.9
        D:7 |     668 |     442 |  39.8 |      22 |       4 |  15.4
        D:8 |    1822 |     375 |  17.1 |      26 |      11 |  29.7
     Lair:1 |    3404 |       0 |   0.0 |      18 |       0 |   0.0
     Lair:2 |    2624 |    1913 |  42.2 |      13 |      15 |  53.6
    Ossuary |       0 |     214 | 100.0 |       0 |      58 | 100.0
            +---------+---------+-------+---------+---------+-------
